 Dungeon Crawl Stone Soup version 0.20.1-1-g8b1a95d (webtiles) character file.

205 dvd the Firebug (level 5, -5/28 HPs)
             Began as a Gargoyle Fire Elementalist on Oct 25, 2017.
             Was a Follower of Vehumet.
             Slain by a crocodile (13 damage)
             ... in a sewer.
             The game lasted 00:06:58 (2323 turns).

dvd the Firebug (Gargoyle Fire Elementalist)        Turns: 2323, Time: 00:06:58

Health: -5/28      AC:  7    Str: 11    XL:     5   Next: 83%
Magic:  2/9        EV: 12    Int: 17    God:    Vehumet [*.....]
Gold:   145        SH:  0    Dex: 10    Spells: 7/10 levels left

rFire    . . .     SeeInvis .   a - +1 whip (elec)
rCold    . . .     Gourm    .   (no shield)
rNeg     + . .     Faith    .   r - +0 robe
rPois    ∞         Spirit   .   (no helmet)
rElec    +         Reflect  .   (no cloak)
rCorr    .         Harm     .   h - +0 pair of gloves
MR       +....                  (no boots)
Stlth    ++........             (no amulet)
Regen    0.1/turn               p - ring of protection from magic
MPRegen  0.2/turn               (no ring)

@: very slightly contaminated
A: negative energy resistance 1, electricity resistance, unbreathing,
petrification resistance, rot immunity, AC +4
a: Renounce Religion


You were in a sewer.
You worshipped Vehumet.
Vehumet was aware of your devotion.
You were not hungry.

You visited 1 branch of the dungeon, and saw 3 of its levels.
You also visited: Sewer.

You collected 145 gold pieces.

Inventory:

Hand Weapons
 a - a +1 whip of electrocution (weapon)
 g - a +0 mace
Armour
 f - a +0 leather armour
 h - a +0 pair of gloves (worn)
 r - a +0 robe (worn)
Jewellery
 p - a ring of protection from magic (left hand)
Scrolls
 d - a scroll of remove curse {unknown}
 e - 2 scrolls of immolation {unknown}
 l - a scroll of enchant weapon {unknown}
 m - a scroll of identify {unknown}
 n - a scroll of fog {unknown}
Potions
 i - 2 potions of heal wounds {unknown}
 j - a potion of lignification {unknown}
 o - a potion of resistance {unknown}
 q - a potion of degeneration {unknown}
Books
 b - a book of Flames

   Spells                             Type                      Level
   a - Flame Tongue                   Conjuration/Fire             1
   b - Throw Flame                    Conjuration/Fire             2
   c - Conjure Flame                  Conjuration/Fire             3
   d - Inner Flame                    Hexes/Fire                   3
   e - Sticky Flame                   Conjuration/Fire             4
   f - Fireball                       Conjuration/Fire             5
Comestibles
 c - 3 bread rations
 k - 7 chunks of flesh


   Skills:
 + Level 0.7 Fighting
 + Level 0.6 Maces & Flails
 + Level 2.1 Dodging
 + Level 3.4 Stealth
 + Level 3.0 Spellcasting
 + Level 2.4 Conjurations
 + Level 4.1 Fire Magic


You had 7 spell levels left.
You knew the following spells:

 Your Spells              Type           Power        Failure   Level  Hunger
a - Flame Tongue          Conj/Fire      ##...        4%          1    None
b - Throw Flame           Conj/Fire      ##....       7%          2    ##.....


Dungeon Overview and Level Annotations

Branches:
Dungeon (3/15)

Altars:
Hepliaklqana
Vehumet


Innate Abilities, Weirdness & Mutations

You are resistant to torment.
Your stone body is resilient. (AC +4)
You are immune to poison.
You resist negative energy. (rN+)
You are resistant to electric shocks. (rElec)
You can survive without breathing.
You are immune to petrification.
You are immune to rotting.


Message History

Aim: a crocodile (severely wounded)
The flame tongue hits the crocodile.
The crocodile is severely wounded.
The crocodile bites you.
* * * LOW HITPOINT WARNING * * *
Unknown command.
Casting: Flame Tongue
Confirm with . or Enter, or press ? or * to list all spells.
Okay, then.
Unknown command.
Unknown command.
Casting: Flame Tongue
Confirm with . or Enter, or press ? or * to list all spells.
Aiming: Flame Tongue
Press: ? - help, Shift-Dir - straight line, f/p - crocodile
Aim: a crocodile (severely wounded)
The flame tongue hits the crocodile.
The crocodile is severely wounded.
The crocodile bites you!
You die...

#..$$$..#
#.......#
#.......# .......
..... ... #######
#t# ##.....## #@#
#...≈...## #.#
...≈≈≈...#######.#
∩÷≈≈≈≈≈..........#
...≈≈≈...#######.#
#...≈...## #.#
##.....## #.#
####### #.# #.#


You could see a crocodile.

Vanquished Creatures
  A black bear (D:2)
  An orc priest (D:3)
  3 adders
  A dart slug (D:2)
  4 leopard geckos
  3 orcs (D:3)
  7 giant cockroaches
  4 goblins
  5 hobgoblins
  7 kobolds
  A quokka (D:2)
  2 ball pythons
  8 bats
  3 rats
50 creatures vanquished.

Notes
Turn   | Place    | Note
-------+----------+-------------------------------------------
     0 | D:1      | dvd the Gargoyle Fire Elementalist began the quest for the Orb.
     0 | D:1      | Reached XP level 1. HP: 10/10 MP: 3/3
   395 | D:1      | Reached XP level 2. HP: 15/15 MP: 0/5
   653 | D:1      | Learned a level 2 spell: Throw Flame
  1202 | D:2      | Found a radiant altar of Vehumet.
  1214 | D:2      | Became a worshipper of Vehumet
  1229 | D:2      | Reached XP level 3. HP: 19/19 MP: 0/6
  1437 | D:2      | Found a hazy altar of Hepliaklqana.
  1803 | D:3      | Noticed a black bear
  1826 | D:2      | Killed a black bear
  1826 | D:2      | Reached skill level 4 in Fire Magic
  1826 | D:2      | Reached XP level 4. HP: 6/24 MP: 1/8
  1826 | D:2      | Reached XP level 5. HP: 7/28 MP: 1/9
  2108 | D:3      | Reached * piety under Vehumet
  2108 | D:3      | Offered knowledge of Freeze by Vehumet.
  2127 | D:3      | Found a glowing drain.
  2150 | Sewer    | Entered a sewer
  2313 | Sewer    | Noticed a crocodile
  2323 | Sewer    | Slain by a crocodile

Skill      XL: |  1  2  3  4  5 |
---------------+----------------+-----
Dodging        | 2 |  2.1
Stealth        | 3 |  3.4
Fire Magic     | 4 |  4.1
Conjurations   | 2 |  2.4
Spellcasting   | 3 |  3.0
Fighting       | |  0.7
Maces & Flails | |  0.6

Action                   |  1- 3 |  4- 6 || total
-------------------------+-------+-------++-------
Melee: Whip              |    32 |    17 ||    49
 Cast: Flame Tongue      |    39 |    32 ||    71
       Throw Flame       |    10 |     3 ||    13
  Use: Scroll            |       |     2 ||     2
 Stab: Sleeping          |     2 |     1 ||     3
  Eat: Chunk             |     2 |     2 ||     4
       Royal jelly       |     1 |       ||     1
Armor: Robe              |    20 |    16 ||    36
Dodge: Dodged            |    36 |    26 ||    62
